[Event "NOR-ch Various 2019"]
[Site "Larvik"]
[Date "2019.07.11"]
[Round "7.39"]
[White "Shehzad, Shazil"]
[Black "Kvam, Audun"]
[Result "1-0"]
[ECO "B31"]
[WhiteElo "2088"]
[BlackElo "2017"]
[Annotator "NA"]
[PlyCount "45"]
[EventDate "2019.07.06"]
[EventType "swiss"]
[EventCountry "NOR"]
[SourceTitle "playchess.com"]
[Source "ChessBase"]
[SourceQuality "1"]
[TimeControl "40/5400+30:1800+30"]

1. e4 c5 2. Nf3 Nc6 3. Bb5 g6 4. O-O Bg7 5. Re1 a6 6. Bxc6 dxc6 7. d3 e5 8. Be3 b6 9. a3 a5 10. Nbd2 Qc7 11. b4 cxb4 12. axb4 Nf6 13. Nc4 Nd7 14. bxa5 bxa5 15. Qd2 a4 16. Qb4 Bf8 17. Qc3 f6 18. d4 exd4 19. Nxd4 Ne5 20. Nxe5 fxe5 21. Nb5 Qb8 22. Qxc6+ Bd7 23. Qxa8 1-0

[Event "NOR-ch Various 2019"]
[Site "Larvik"]
[Date "2019.07.11"]
[Round "7.40"]
[White "Grover, Sigurd Loe"]
[Black "Machlik, Monika"]
[Result "0-1"]
[ECO "B10"]
[WhiteElo "2052"]
[BlackElo "2083"]
[Annotator "NA"]
[PlyCount "76"]
[EventDate "2019.07.06"]
[EventType "swiss"]
[EventCountry "NOR"]
[SourceTitle "playchess.com"]
[Source "ChessBase"]
[SourceQuality "1"]
[TimeControl "40/5400+30:1800+30"]

1. e4 c6 2. c4 d5 3. exd5 cxd5 4. cxd5 Nf6 5. Nc3 Nxd5 6. Nf3 Nc6 7. Bb5 e6 8. O-O Be7 9. Re1 O-O 10. d4 Bd7 11. a3 Rc8 12. Bd3 Re8 13. Bc2 Nxc3 14. bxc3 Bf6 15. Ne5 g6 16. Ng4 Bg7 17. Nh6+ Bxh6 18. Bxh6 Ne7 19. Qd2 Qa5 20. Qf4 Nd5 21. Qh4 Qxc3 22. Rac1 Qxa3 23. Be4 Qd6 24. Rb1 Bc6 25. Re3 Nxe3 26. fxe3 f5 27. Bxc6 Qxc6 28. Bf4 Qd7 29. Rf1 Rc2 30. h3 Qd5 31. Rf3 Qd7 32. Be5 Qf7 33. Rg3 a5 34. Qh6 Re7 35. h4 Qf8 36. Rxg6+ hxg6 37. Qxg6+ Rg7 38. Qxe6+ Qf7 0-1

[Event "NOR-ch Various 2019"]
[Site "Larvik"]
[Date "2019.07.11"]
[Round "7.41"]
[White "Skagseth, Havard M"]
[Black "Lobersli, Henrik Oie"]
[Result "1-0"]
[ECO "B48"]
[WhiteElo "2002"]
[BlackElo "2046"]
[Annotator "NA"]
[PlyCount "67"]
[EventDate "2019.07.06"]
[EventType "swiss"]
[EventCountry "NOR"]
[SourceTitle "playchess.com"]
[Source "ChessBase"]
[SourceQuality "1"]
[TimeControl "40/5400+30:1800+30"]

1. e4 c5 2. Nf3 e6 3. d4 cxd4 4. Nxd4 Nc6 5. Be3 Qc7 6. Nc3 a6 7. Qd2 Nf6 8. f3 Bb4 9. g4 h6 10. a3 Bxc3 11. Qxc3 d5 12. Nxc6 Qxc6 13. Qxc6+ bxc6 14. exd5 cxd5 15. h3 O-O 16. O-O-O Bb7 17. Bd4 Nd7 18. b3 e5 19. Bb2 d4 20. Bg2 Rac8 21. Rh2 g5 22. h4 f6 23. hxg5 hxg5 24. Rdh1 Kf7 25. Rh7+ Ke6 26. Rxd7 Kxd7 27. Rh7+ Kc6 28. f4+ Kd6 29. fxe5+ Kxe5 30. Bxb7 Rce8 31. Rd7 Rd8 32. Re7+ Kf4 33. Re4+ Kg3 34. Bxd4 1-0

[Event "NOR-ch Various 2019"]
[Site "Larvik"]
[Date "2019.07.12"]
[Round "8.1"]
[White "Smeby, Ole"]
[Black "Hamre, Einar"]
[Result "1/2-1/2"]
[ECO "D12"]
[WhiteElo "1887"]
[BlackElo "1944"]
[Annotator "NA"]
[PlyCount "102"]
[EventDate "2019.07.06"]
[EventType "swiss"]
[EventCountry "NOR"]
[SourceTitle "playchess.com"]
[Source "ChessBase"]
[SourceQuality "1"]
[TimeControl "40/5400+30:1800+30"]

1. d4 d5 2. c4 c6 3. e3 Nf6 4. Nf3 Bf5 5. Bd3 Bg6 6. O-O e6 7. Nc3 Nbd7 8. cxd5 exd5 9. Qc2 Bd6 10. e4 dxe4 11. Nxe4 Nxe4 12. Bxe4 Nf6 13. Bd3 Nd5 14. Re1+ Kf8 15. a3 Qc7 16. Bxg6 hxg6 17. g3 Qd7 18. Qe2 Qg4 19. Qe4 Qh3 20. Nh4 Nf6 21. Qg2 Qg4 22. Nf3 Rh5 23. Bd2 Qd7 24. Bc3 Nd5 25. Bd2 f6 26. Re4 g5 27. Rae1 Kf7 28. Ne5+ fxe5 29. dxe5 Bxe5 30. Rxe5 Rah8 31. Qf3+ Nf6 32. Re7+ Qxe7 33. Rxe7+ Kxe7 34. Qe2+ Kf7 35. Qc4+ Nd5 36. Qd3 g4 37. Qc4 Rxh2 38. Qxg4 Rh1+ 39. Kg2 R8h2+ 40. Kf3 Rf1 41. Qd7+ Kg8 42. Qe6+ Kf8 43. Qc8+ Kf7 44. Qxb7+ Kg8 45. Qc8+ Kh7 46. Qf5+ Kg8 47. Qe6+ Kh8 48. Qc8+ Kh7 49. Qe8 g6 50. Qe4 Kh8 51. Qxd5 Kh7 1/2-1/2

[Event "NOR-ch Various 2019"]
[Site "Larvik"]
[Date "2019.07.12"]
[Round "8.2"]
[White "Thrana, Svein Arne"]
[Black "Stake-Larsen, Gunnar"]
[Result "1/2-1/2"]
[ECO "D02"]
[WhiteElo "1800"]
[BlackElo "1976"]
[Annotator "NA"]
[PlyCount "75"]
[EventDate "2019.07.06"]
[EventType "swiss"]
[EventCountry "NOR"]
[SourceTitle "playchess.com"]
[Source "ChessBase"]
[SourceQuality "1"]
[TimeControl "40/5400+30:1800+30"]

1. Nf3 d5 2. d4 c6 3. c3 Nf6 4. g3 e6 5. Bg2 Nbd7 6. Nbd2 Bd6 7. Qc2 e5 8. dxe5 Nxe5 9. Nxe5 Bxe5 10. Nf3 Bc7 11. Bg5 O-O 12. O-O Re8 13. e3 h6 14. Bxf6 Qxf6 15. Nd4 Bb6 16. b4 Bg4 17. a4 Rad8 18. a5 Bxd4 19. cxd4 a6 20. f3 Bf5 21. Qd2 Qg6 22. Rfe1 h5 23. Ra3 Re7 24. Rc3 Rde8 25. Kf2 Qd6 26. Rc5 Bg6 27. h4 Bf5 28. Bf1 Qg6 29. Bg2 Qd6 30. Bf1 Re6 31. Bd3 Bxd3 32. Qxd3 Rg6 33. f4 Rge6 34. Qe2 Qe7 35. Qd2 Qf6 36. Rc3 Qf5 37. Qe2 Rg6 38. Qf3 1/2-1/2

[Event "NOR-ch Various 2019"]
[Site "Larvik"]
[Date "2019.07.12"]
[Round "8.3"]
[White "Haugan, Kristoffer"]
[Black "Kyrkjebo, Eirik"]
[Result "0-1"]
[ECO "A22"]
[WhiteElo "1478"]
[BlackElo "1598"]
[Annotator "NA"]
[PlyCount "84"]
[EventDate "2019.07.06"]
[EventType "swiss"]
[EventCountry "NOR"]
[SourceTitle "playchess.com"]
[Source "ChessBase"]
[SourceQuality "1"]
[TimeControl "40/5400+30:1800+30"]

1. c4 e5 2. Nc3 Nf6 3. g3 Bb4 4. Bg2 O-O 5. e3 Bxc3 6. bxc3 Nc6 7. d3 Re8 8. Ne2 e4 9. d4 d6 10. O-O Bg4 11. h3 Bf5 12. Nf4 b6 13. Qa4 Qc8 14. Kh2 Na5 15. Rh1 Bd7 16. Qb4 c5 17. Qb1 Nxc4 18. Bf1 Na5 19. Bb5 g5 20. Bxd7 Qxd7 21. Ne2 Qf5 22. Kg1 Re6 23. Bd2 Nc4 24. Qe1 Nd5 25. g4 Qf3 26. Ng3 Ne7 27. Qd1 Qf6 28. Qe2 d5 29. Rf1 Qg6 30. f4 exf3 31. Rxf3 Qb1+ 32. Kg2 Qxa2 33. Rf2 Qxd2 34. Qf3 Nxe3+ 35. Kh2 Nxg4+ 36. hxg4 Qf4 37. Kg2 Qxf3+ 38. Rxf3 Kg7 39. Nh5+ Kg6 40. Rhf1 f5 41. gxf5+ Nxf5 42. Rh3 Ne3+ 0-1

[Event "NOR-ch Various 2019"]
[Site "Larvik"]
[Date "2019.07.12"]
[Round "8.4"]
[White "Teigen, Tore"]
[Black "Simonsen, Steinar"]
[Result "1-0"]
[ECO "D45"]
[WhiteElo "1551"]
[BlackElo "1487"]
[Annotator "NA"]
[PlyCount "111"]
[EventDate "2019.07.06"]
[EventType "swiss"]
[EventCountry "NOR"]
[SourceTitle "playchess.com"]
[Source "ChessBase"]
[SourceQuality "1"]
[TimeControl "40/5400+30:1800+30"]

1. d4 d5 2. c4 c6 3. Nc3 Nf6 4. e3 e6 5. Nf3 Bb4 6. Qb3 Bxc3+ 7. Qxc3 Ne4 8. Qc2 Qa5+ 9. Nd2 O-O 10. Be2 Nd7 11. O-O Ndf6 12. Nf3 Bd7 13. Ne5 Rad8 14. a3 Nd6 15. b4 Qc7 16. c5 Nc8 17. Bd3 Ne7 18. f4 Ne4 19. Bxe4 dxe4 20. Qxe4 f6 21. Nc4 f5 22. Qd3 Be8 23. Qe2 Ng6 24. Bb2 Qd7 25. Nd6 b6 26. Rad1 b5 27. e4 fxe4 28. Qxe4 Bf7 29. Rde1 e5 30. Nxf7 Rxf7 31. fxe5 Rxf1+ 32. Rxf1 Qd5 33. Qxd5+ Rxd5 34. g3 Ne7 35. Rf2 g6 36. Kf1 Nf5 37. Rf4 h5 38. Kf2 Kf7 39. Kf3 Ke6 40. g4 hxg4+ 41. Kxg4 Rd8 42. Rf2 Ne3+ 43. Kg5 Nd1 44. Rf6+ Kd5 45. Ba1 Rh8 46. Rd6+ Kc4 47. h4 Rh5+ 48. Kxg6 Rxh4 49. e6 Ne3 50. Rxc6 Nd5 51. Ra6 Nc7 52. Rd6 Rf4 53. e7 Ne8 54. Rd8 Rf6+ 55. Kg5 Re6 56. Rxe8 1-0

[Event "NOR-ch Various 2019"]
[Site "Larvik"]
[Date "2019.07.12"]
[Round "8.5"]
[White "Sorensen, Simen"]
[Black "Kvendseth, Cornelius"]
[Result "1/2-1/2"]
[ECO "D37"]
[WhiteElo "1979"]
[BlackElo "1964"]
[Annotator "NA"]
[PlyCount "35"]
[EventDate "2019.07.06"]
[EventType "swiss"]
[EventCountry "NOR"]
[SourceTitle "playchess.com"]
[Source "ChessBase"]
[SourceQuality "1"]
[TimeControl "40/5400+30:1800+30"]

1. d4 d5 2. Nf3 Nf6 3. c4 e6 4. Nc3 Be7 5. Bf4 O-O 6. e3 b6 7. cxd5 exd5 8. Qc2 c5 9. Be2 Bb7 10. O-O Ne4 11. Rfd1 Nxc3 12. bxc3 Qc8 13. Rac1 Nd7 14. c4 Rd8 15. Ne5 Nxe5 16. Bxe5 cxd4 17. Bxd4 Ba3 18. Bb2 1/2-1/2

[Event "NOR-ch Various 2019"]
[Site "Larvik"]
[Date "2019.07.12"]
[Round "8.6"]
[White "Hansen, Rune"]
[Black "Strand, Andreas"]
[Result "0-1"]
[ECO "A06"]
[WhiteElo "1958"]
[BlackElo "1884"]
[Annotator "NA"]
[PlyCount "94"]
[EventDate "2019.07.06"]
[EventType "swiss"]
[EventCountry "NOR"]
[SourceTitle "playchess.com"]
[Source "ChessBase"]
[SourceQuality "1"]
[TimeControl "40/5400+30:1800+30"]

1. b3 d5 2. e3 Nf6 3. Bb2 Bg4 4. Nf3 e6 5. h3 Bxf3 6. Qxf3 Bd6 7. g4 Nbd7 8. c4 c6 9. Nc3 Nc5 10. cxd5 exd5 11. Qf5 Qe7 12. g5 Nfd7 13. Rc1 O-O 14. d4 Ne6 15. h4 Nxd4 16. Qh3 Ne6 17. Be2 f5 18. O-O Ne5 19. f4 Nd7 20. Bd3 g6 21. h5 Ng7 22. hxg6 hxg6 23. Rce1 Nh5 24. Be2 Rf7 25. Rf2 Rh7 26. Rh2 Bc5 27. Bd3 Nxf4 28. Qxh7+ Qxh7 29. Rxh7 Kxh7 30. Bf1 Re8 31. Kf2 Ne5 32. Kg3 Nh5+ 33. Kg2 Ng4 34. e4 fxe4 35. Na4 Bd6 36. Kh3 Nf2+ 37. Kg2 Rf8 38. Be2 Nf4+ 39. Kxf2 Nd3+ 40. Ke3 Nxe1 41. Bf6 Ng2+ 42. Kd4 Nf4 43. Bg4 Nh5 44. Bxh5 gxh5 45. Nc3 Kg6 46. Ne2 h4 47. Ng1 Re8 0-1

[Event "NOR-ch Various 2019"]
[Site "Larvik"]
[Date "2019.07.12"]
[Round "8.7"]
[White "Skrede, Per Arne"]
[Black "Grondahl, David A"]
[Result "0-1"]
[ECO "B33"]
[WhiteElo "1696"]
[BlackElo "1730"]
[Annotator "NA"]
[PlyCount "70"]
[EventDate "2019.07.06"]
[EventType "swiss"]
[EventCountry "NOR"]
[SourceTitle "playchess.com"]
[Source "ChessBase"]
[SourceQuality "1"]
[TimeControl "40/5400+30:1800+30"]

1. e4 c5 2. Nf3 Nc6 3. d4 cxd4 4. Nxd4 Nf6 5. Nc3 e5 6. Ndb5 d6 7. Bg5 a6 8. Na3 b5 9. Bxf6 gxf6 10. Nd5 f5 11. Bd3 Be6 12. c3 Bg7 13. O-O O-O 14. Qh5 fxe4 15. Bxe4 f5 16. Nf6+ Rxf6 17. Bxc6 Rb8 18. Qe2 Rb6 19. Bf3 e4 20. Bh5 Rh6 21. g3 Rb8 22. f4 b4 23. Nc4 Qc7 24. Ne3 Qc5 25. cxb4 Qxb4 26. g4 Bd4 27. h3 Bc4 28. Qe1 Qc5 29. Qh4 Bxe3+ 30. Kh1 fxg4 31. Qxg4+ Kf8 32. Rg1 Bxg1 33. Rxg1 Qxh5 34. Qg7+ Ke8 35. Qh8+ Kd7 0-1

[Event "NOR-ch Various 2019"]
[Site "Larvik"]
[Date "2019.07.12"]
[Round "8.8"]
[White "Oldernes, Lars-Arne"]
[Black "Evjen, Kristian Thunestvedt"]
[Result "0-1"]
[ECO "E32"]
[WhiteElo "1684"]
[BlackElo "1700"]
[Annotator "NA"]
[PlyCount "70"]
[EventDate "2019.07.06"]
[EventType "swiss"]
[EventCountry "NOR"]
[SourceTitle "playchess.com"]
[Source "ChessBase"]
[SourceQuality "1"]
[TimeControl "40/5400+30:1800+30"]

1. d4 Nf6 2. c4 e6 3. Nc3 Bb4 4. Qc2 O-O 5. e4 d5 6. e5 Ne4 7. Nf3 c5 8. a3 Bxc3+ 9. bxc3 Nc6 10. Bd3 f5 11. cxd5 exd5 12. O-O Be6 13. dxc5 Nxc5 14. Nd4 Qd7 15. Nxe6 Qxe6 16. f4 Rac8 17. Rb1 Kh8 18. Be3 Na5 19. Bxc5 Rxc5 20. Rb5 Rxb5 21. Bxb5 Qb6+ 22. Qf2 Qxb5 23. Qxa7 h6 24. Qd4 Nc6 25. Qd2 Rd8 26. Qc2 d4 27. cxd4 Nxd4 28. Qb1 Qd5 29. Qd3 b5 30. Rb1 Qc4 31. Qe3 Ne2+ 32. Kf2 Nxf4 33. Rg1 Qc2+ 34. Kf3 Rd3 35. Kxf4 Rxe3 0-1

[Event "NOR-ch Various 2019"]
[Site "Larvik"]
[Date "2019.07.12"]
[Round "8.9"]
[White "Wullum, Robin"]
[Black "Carlin, Tormod"]
[Result "0-1"]
[ECO "A00"]
[WhiteElo "1452"]
[BlackElo "1426"]
[Annotator "NA"]
[PlyCount "83"]
[EventDate "2019.07.06"]
[EventType "swiss"]
[EventCountry "NOR"]
[SourceTitle "playchess.com"]
[Source "ChessBase"]
[SourceQuality "1"]
[TimeControl "40/5400+30:1800+30"]

1. Na3 d5 2. c3 Nf6 3. Nf3 Bf5 4. d4 e6 5. Nc2 c5 6. Bf4 Nc6 7. e3 c4 8. b3 b5 9. b4 Bd6 10. Bg3 O-O 11. Be2 Ne4 12. Ne5 Bxe5 13. dxe5 Nxc3 14. Qc1 Nxe2 15. Kxe2 Bd3+ 16. Ke1 Bxc2 17. Qxc2 Nxb4 18. Qc3 Nd3+ 19. Ke2 b4 20. Qd4 Qc7 21. Rhd1 a5 22. f4 Qc5 23. Be1 Qxd4 24. exd4 Nxe1 25. Rxe1 a4 26. Kd2 b3 27. Kc3 g6 28. g4 Kg7 29. h4 h6 30. f5 gxf5 31. gxf5 Rg8 32. Rg1+ Kh7 33. fxe6 fxe6 34. axb3 axb3 35. Rxg8 Rxg8 36. Ra6 Re8 37. h5 Re7 38. Ra8 Kg7 39. Rb8 Ra7 40. Re8 Rb7 41. Kb2 c3+ 42. Kxc3 0-1

[Event "NOR-ch Various 2019"]
[Site "Larvik"]
[Date "2019.07.12"]
[Round "8.10"]
[White "Evanger, Trond"]
[Black "Hansen, Roy Drange"]
[Result "1-0"]
[ECO "D30"]
[WhiteElo "1571"]
[BlackElo "1515"]
[Annotator "NA"]
[PlyCount "75"]
[EventDate "2019.07.06"]
[EventType "swiss"]
[EventCountry "NOR"]
[SourceTitle "playchess.com"]
[Source "ChessBase"]
[SourceQuality "1"]
[TimeControl "40/5400+30:1800+30"]

1. d4 d5 2. c4 e6 3. Nc3 c6 4. Nf3 Be7 5. e4 dxe4 6. Nxe4 Nf6 7. Bd3 Nbd7 8. O-O O-O 9. Qe2 Re8 10. Rd1 Qc7 11. Bg5 Nxe4 12. Qxe4 Nf8 13. Rac1 f6 14. Bf4 Qb6 15. b3 c5 16. Be3 a5 17. d5 e5 18. Nh4 g6 19. Bh6 Qd6 20. Re1 Bd7 21. g4 f5 22. gxf5 gxf5 23. Qg2+ Ng6 24. Nxf5 Bxf5 25. Bxf5 Kh8 26. Be6 Bf8 27. Be3 Re7 28. Qe4 Bg7 29. a4 Rf8 30. Rc3 Nf4 31. Bf5 Rf6 32. Bxf4 exf4 33. Qxe7 Qxe7 34. Rxe7 Rxf5 35. Re8+ Bf8 36. d6 Rf7 37. Rd3 Kg7 38. d7 1-0

[Event "NOR-ch Various 2019"]
[Site "Larvik"]
[Date "2019.07.12"]
[Round "8.11"]
[White "Nordlov, Jorgen"]
[Black "Nygard, Jacob Ounji"]
[Result "0-1"]
[ECO "D40"]
[WhiteElo "1263"]
[BlackElo "1377"]
[Annotator "NA"]
[PlyCount "58"]
[EventDate "2019.07.06"]
[EventType "swiss"]
[EventCountry "NOR"]
[SourceTitle "playchess.com"]
[Source "ChessBase"]
[SourceQuality "1"]
[TimeControl "40/5400+30:1800+30"]

1. d4 Nf6 2. Nf3 e6 3. c4 c5 4. e3 Nc6 5. Nc3 d5 6. Be2 b6 7. cxd5 Nxd5 8. Bb5 Bb7 9. Ne5 Rc8 10. Qa4 Ndb4 11. a3 a6 12. Bxc6+ Nxc6 13. Ne2 b5 14. Qc2 cxd4 15. Nxc6 Rxc6 16. Qd3 dxe3 17. Qxd8+ Kxd8 18. Bxe3 Rc2 19. Rd1+ Ke7 20. f3 g6 21. b4 Bg7 22. Bc5+ Ke8 23. Kf2 Bd5 24. Ke3 Bh6+ 25. Kd3 Ra2 26. Ra1 Rd2+ 27. Kc3 Rxe2 28. a4 Bg7+ 29. Kd3 Bc4# {[%emt 0:00:06] Kd4} 0-1

[Event "NOR-ch Various 2019"]
[Site "Larvik"]
[Date "2019.07.12"]
[Round "8.12"]
[White "Lund, Scott Macody"]
[Black "Soderholm, Markus"]
[Result "1-0"]
[ECO "A34"]
[WhiteElo "1389"]
[BlackElo "1329"]
[Annotator "NA"]
[PlyCount "39"]
[EventDate "2019.07.06"]
[EventType "swiss"]
[EventCountry "NOR"]
[SourceTitle "playchess.com"]
[Source "ChessBase"]
[SourceQuality "1"]
[TimeControl "40/5400+30:1800+30"]

1. c4 c5 2. Nc3 d6 3. g3 Nc6 4. Bg2 Nf6 5. Nf3 Nd4 6. O-O Qc7 7. d3 e5 8. Bg5 Be6 9. Bxf6 gxf6 10. Nxd4 exd4 11. Nd5 Bxd5 12. Bxd5 O-O-O 13. Qa4 a5 14. a3 b6 15. Rfb1 Rd7 16. b4 cxb4 17. axb4 axb4 18. Qa8+ Qb8 19. Qc6+ Rc7 20. Qe8# 1-0

[Event "NOR-ch Various 2019"]
[Site "Larvik"]
[Date "2019.07.12"]
[Round "8.15"]
[White "Dyrnes, Jussi"]
[Black "Fossan, Petter"]
[Result "0-1"]
[ECO "D05"]
[WhiteElo "1765"]
[BlackElo "2295"]
[Annotator "NA"]
[PlyCount "108"]
[EventDate "2019.07.06"]
[EventType "swiss"]
[EventCountry "NOR"]
[SourceTitle "playchess.com"]
[Source "ChessBase"]
[SourceQuality "1"]
[TimeControl "40/5400+30:1800+30"]

1. d4 e6 2. Nf3 c5 3. e3 Nf6 4. Bd3 b6 5. Nbd2 Bb7 6. c3 Be7 7. O-O O-O 8. Re1 d5 9. e4 dxe4 10. Nxe4 Nxe4 11. Bxe4 Bxe4 12. Rxe4 Nd7 13. Qc2 cxd4 14. Nxd4 Rc8 15. Qe2 Nf6 16. Rh4 Qd5 17. Be3 Rfd8 18. Rh3 Bf8 19. Bf4 Qc4 20. Qxc4 Rxc4 21. Bg5 Be7 22. Re1 h6 23. Bf4 Nd5 24. Be5 Rd7 25. Rd3 a6 26. Nf3 b5 27. h3 Rb7 28. Nd2 Rc8 29. Ne4 Rc6 30. Red1 f6 31. Bh2 b4 32. g4 Kf7 33. Kg2 bxc3 34. Nxc3 Rxb2 35. Nxd5 exd5 36. R3d2 Rxd2 37. Rxd2 Rc5 38. Bf4 Rc4 39. Be3 Ke6 40. Bd4 Bd6 41. Bb2 Be5 42. Re2 d4 43. Rd2 Kd5 44. Kf3 Bd6 45. a3 Bxa3 46. Bxa3 Rc3+ 47. Kf4 Rxa3 48. h4 g5+ 49. hxg5 hxg5+ 50. Kf5 Rf3+ 51. Kg6 d3 52. Ra2 Kc4 53. Rxa6 d2 54. Rc6+ Kd3 0-1

[Event "NOR-ch Various 2019"]
[Site "Larvik"]
[Date "2019.07.12"]
[Round "8.16"]
[White "Hansen, Svein E"]
[Black "Boger, Raymond"]
[Result "1/2-1/2"]
[ECO "A41"]
[WhiteElo "2064"]
[BlackElo "1957"]
[Annotator "NA"]
[PlyCount "84"]
[EventDate "2019.07.06"]
[EventType "swiss"]
[EventCountry "NOR"]
[SourceTitle "playchess.com"]
[Source "ChessBase"]
[SourceQuality "1"]
[TimeControl "40/5400+30:1800+30"]

1. d4 g6 2. Nf3 Bg7 3. g3 d6 4. Bg2 e5 5. dxe5 dxe5 6. Qxd8+ Kxd8 7. Nc3 c6 8. Be3 f6 9. O-O-O+ Nd7 10. Ne4 Ke7 11. Rd2 Bh6 12. Bxh6 Nxh6 13. Rhd1 Nf7 14. c4 Nb6 15. b3 Bf5 16. Nc5 Rab8 17. Nh4 Bc8 18. f4 exf4 19. gxf4 Rd8 20. Nf3 Rxd2 21. Rxd2 Nd7 22. Ne4 Nf8 23. Nd4 Ne6 24. Nxe6 Bxe6 25. Nc5 f5 26. Kc2 Nd6 27. e3 h6 28. h4 Rg8 29. Nd3 g5 30. hxg5 hxg5 31. fxg5 Rxg5 32. Nf4 Bd7 33. Kd3 Nf7 34. Rd1 Ne5+ 35. Ke2 Ng6 36. Bf3 Nxf4+ 37. exf4 Rg7 38. Ke3 Rh7 39. Rh1 Rxh1 40. Bxh1 Kd6 41. Kd4 b6 42. Bf3 Be8 1/2-1/2

[Event "NOR-ch Various 2019"]
[Site "Larvik"]
[Date "2019.07.12"]
[Round "8.17"]
[White "Heier, Odin Nikolai"]
[Black "Sebastian, Andreas"]
[Result "1-0"]
[ECO "A41"]
[WhiteElo "1863"]
[BlackElo "1911"]
[Annotator "NA"]
[PlyCount "59"]
[EventDate "2019.07.06"]
[EventType "swiss"]
[EventCountry "NOR"]
[SourceTitle "playchess.com"]
[Source "ChessBase"]
[SourceQuality "1"]
[TimeControl "40/5400+30:1800+30"]

1. d4 d6 2. Bf4 g6 3. Nc3 Nd7 4. Nf3 Bg7 5. Qd2 e5 6. dxe5 dxe5 7. Bg5 f6 8. Bh4 Ne7 9. O-O-O O-O 10. e4 Kh8 11. Bc4 Nc6 12. Bb5 Nc5 13. Qe3 Nd7 14. Bxc6 bxc6 15. Nxe5 Qe8 16. Nxc6 Bb7 17. Na5 Rb8 18. Bg3 Qe6 19. Bxc7 Rbc8 20. Bd6 Ba8 21. Bxf8 Bxf8 22. Nb3 Ne5 23. h4 a5 24. Nxa5 Bb4 25. Nb3 Qa6 26. Qd4 Bxc3 27. bxc3 Nc4 28. Rd3 Qxa2 29. Qxf6+ Kg8 30. Rd8+ 1-0

[Event "NOR-ch Various 2019"]
[Site "Larvik"]
[Date "2019.07.12"]
[Round "8.18"]
[White "Opseth, Oliver"]
[Black "Kizatbay, Abyl"]
[Result "0-1"]
[ECO "D93"]
[WhiteElo "1714"]
[BlackElo "2216"]
[Annotator "NA"]
[PlyCount "66"]
[EventDate "2019.07.06"]
[EventType "swiss"]
[EventCountry "NOR"]
[SourceTitle "playchess.com"]
[Source "ChessBase"]
[SourceQuality "1"]
[TimeControl "40/5400+30:1800+30"]

1. d4 Nf6 2. Bf4 g6 3. Nf3 Bg7 4. c4 O-O 5. Nc3 d5 6. e3 c5 7. Be2 cxd4 8. Nxd4 dxc4 9. Bxc4 Qb6 10. Qd2 Nbd7 11. Na4 Qd8 12. Nf3 Nh5 13. Bg5 h6 14. Bh4 g5 15. Bg3 Nxg3 16. hxg3 Nb6 17. Qc2 Nxc4 18. Qxc4 Qa5+ 19. Nc3 Be6 20. Qd3 Rfd8 21. Qc2 Rac8 22. O-O b5 23. a3 Bxc3 24. bxc3 Qxc3 25. Qe4 Qd3 26. Qb7 Qd7 27. Qa6 Kg7 28. Rfd1 Qxd1+ 29. Rxd1 Rxd1+ 30. Kh2 g4 31. Qxb5 Rcc1 32. Qe5+ f6 33. Qxe6 Rh1# 0-1

[Event "NOR-ch Various 2019"]
[Site "Larvik"]
[Date "2019.07.12"]
[Round "8.19"]
[White "Nordquelle, Daniel"]
[Black "Melaa, Sondre"]
[Result "0-1"]
[ECO "C90"]
[WhiteElo "2181"]
[BlackElo "2118"]
[Annotator "NA"]
[PlyCount "80"]
[EventDate "2019.07.06"]
[EventType "swiss"]
[EventCountry "NOR"]
[SourceTitle "playchess.com"]
[Source "ChessBase"]
[SourceQuality "1"]
[TimeControl "40/5400+30:1800+30"]

1. e4 e5 2. Nf3 Nc6 3. Bc4 Nf6 4. d3 Be7 5. O-O O-O 6. Re1 d6 7. c3 Na5 8. Bb5 a6 9. Ba4 b5 10. Bc2 c5 11. Nbd2 Re8 12. Nf1 h6 13. h3 Bf8 14. Ng3 g6 15. Nh2 Bg7 16. Ng4 Nxg4 17. hxg4 Qh4 18. g5 hxg5 19. a4 Bg4 20. Qd2 Bf6 21. Nf1 Kg7 22. f3 Be6 23. g3 Qh5 24. g4 Qh3 25. Qg2 Qxg2+ 26. Kxg2 Reb8 27. axb5 axb5 28. Bd2 Bb3 29. Bxb3 Nxb3 30. Rxa8 Rxa8 31. Be3 Ra2 32. Rb1 Bd8 33. Nd2 Na5 34. Kf2 f6 35. Ke2 Nc6 36. Nb3 Bc7 37. Ra1 Rxb2+ 38. Nd2 Ba5 39. Ra3 b4 40. cxb4 Bxb4 0-1

[Event "NOR-ch Various 2019"]
[Site "Larvik"]
[Date "2019.07.12"]
[Round "8.20"]
[White "Bruaset, Eivind"]
[Black "Sjoberg, Isak"]
[Result "1/2-1/2"]
[ECO "C55"]
[WhiteElo "2074"]
[BlackElo "2182"]
[Annotator "ChessBase"]
[PlyCount "48"]
[EventDate "2019.07.06"]
[EventType "swiss"]
[EventCountry "NOR"]
[SourceTitle "playchess.com"]
[Source "ChessBase"]
[SourceQuality "1"]
[TimeControl "40/5400+30:1800+30"]

1. e4 e5 2. Nf3 Nc6 3. Bc4 Nf6 4. d3 Be7 5. O-O O-O 6. Re1 d6 7. a4 Na5 8. Ba2 c5 9. c3 Be6 10. b4 Bxa2 11. Rxa2 cxb4 12. cxb4 Nc6 13. b5 Nb8 14. Nbd2 a6 15. bxa6 Rxa6 16. Ba3 Qd7 17. Nc4 Nc6 18. Qb3 Na5 19. Nxa5 Rxa5 20. Bb4 Ra6 21. Bd2 Rfa8 22. Rb1 Rxa4 23. Rxa4 Rxa4 24. Qxb7 Qxb7 1/2-1/2

[Event "NOR-ch Various 2019"]
[Site "Larvik"]
[Date "2019.07.12"]
[Round "8.21"]
[White "Kjaras, Alf Marius"]
[Black "Nielsen, Andre"]
[Result "0-1"]
[ECO "A47"]
[WhiteElo "1860"]
[BlackElo "2229"]
[Annotator "NA"]
[PlyCount "116"]
[EventDate "2019.07.06"]
[EventType "swiss"]
[EventCountry "NOR"]
[SourceTitle "playchess.com"]
[Source "ChessBase"]
[SourceQuality "1"]
[TimeControl "40/5400+30:1800+30"]

1. d4 Nf6 2. Nf3 b6 3. c3 Bb7 4. Bg5 e6 5. e3 h6 6. Bh4 g5 7. Bg3 Ne4 8. Ne5 Nxg3 9. hxg3 Bg7 10. f4 Bxe5 11. dxe5 Qe7 12. Nd2 Nc6 13. Ne4 O-O-O 14. Qa4 Kb8 15. Rd1 Na5 16. Nf6 d6 17. b4 Nc6 18. b5 Na5 19. Ne4 dxe5 20. Rxd8+ Qxd8 21. fxe5 Qd5 22. Nf6 Qd8 23. Qd4 Qe7 24. Qb4 c5 25. Qb1 Qc7 26. Qb2 c4 27. Kf2 Bc8 28. Qd2 Rd8 29. Qc2 Qxe5 30. Rxh6 Qf5+ 31. Qxf5 exf5 32. Ke1 Rd6 33. Ng8 Rxh6 34. Nxh6 Be6 35. g4 fxg4 36. e4 Nb7 37. e5 Nc5 38. Be2 g3 39. Bg4 Nd3+ 40. Ke2 Nxe5 41. Bxe6 fxe6 42. Ke3 Ng6 43. Nf7 g4 44. Nh6 Nh4 45. Nxg4 Nxg2+ 46. Kf3 Nf4 47. Ne3 Nd5 48. Nd1 Kc7 49. Kxg3 Kd6 50. Kf3 Ke5 51. a4 Kf5 52. Nb2 Nxc3 53. Nxc4 Nxa4 54. Nd6+ Ke5 55. Nc8 Kd4 56. Nxa7 Kc5 57. Nc6 Nc3 58. Nd8 Kd5 0-1

[Event "NOR-ch Various 2019"]
[Site "Larvik"]
[Date "2019.07.12"]
[Round "8.22"]
[White "Valvag, Torbjorn"]
[Black "Evenshaug, Amadeus Hestvik"]
[Result "1-0"]
[ECO "B38"]
[WhiteElo "1912"]
[BlackElo "1769"]
[Annotator "NA"]
[PlyCount "76"]
[EventDate "2019.07.06"]
[EventType "swiss"]
[EventCountry "NOR"]
[SourceTitle "playchess.com"]
[Source "ChessBase"]
[SourceQuality "1"]
[TimeControl "40/5400+30:1800+30"]

1. e4 c5 2. Nf3 g6 3. d4 cxd4 4. Nxd4 Nc6 5. Be3 Bg7 6. c4 d6 7. Nc3 Nf6 8. f3 O-O 9. Qd2 Bd7 10. Be2 Re8 11. O-O a6 12. Rfd1 Qc7 13. Rac1 Qa5 14. a3 Rec8 15. Nb3 Qc7 16. Nd5 Qd8 17. Nb6 Ne5 18. Nxa8 Rxa8 19. Nd4 Nc6 20. Nxc6 bxc6 21. c5 Qb8 22. b4 d5 23. Bg5 e6 24. Bf4 e5 25. Bg5 d4 26. Bc4 Be8 27. Qe2 a5 28. Rb1 axb4 29. axb4 Qc8 30. Ra1 Nd7 31. Qb2 Rb8 32. Be7 Qb7 33. Rdb1 Bf8 34. Bxf8 Kxf8 35. Qa3 f5 36. b5 Rc8 37. b6 Kg7 38. Ba6 Qb8 1-0